 Dungeon Crawl Stone Soup version 0.28.0-1-gb440e238dd (webtiles) character file.

Game seed: 11786297274758355304

1471 pkoi the Grappler (level 8, -2/69 HPs)
             Began as a Purple Draconian Monk on Feb 22, 2022.
             Was an Initiate of Gozag.
             Slain by an orc warrior (13 damage)
             ... on level 7 of the Dungeon.
             The game lasted 00:08:57 (7024 turns).

pkoi the Grappler (Purple Draconian Monk)           Turns: 7024, Time: 00:08:58

Health: -2/69      AC:  7    Str: 14    XL:     8   Next: 49%
Magic:  8/8        EV: 28    Int: 13    God:    Gozag
Gold:   417        SH:  0    Dex: 13    Spells: 7/7 levels left

rFire   . . .      SeeInvis .     - Unarmed
rCold   . . .      Faith    .   (no shield)
rNeg    . . .      Spirit   .   (armour unavailable)
rPois   +          Reflect  .   (helmet restricted)
rElec   .          Harm     .   r - +0 cloak
rCorr   .          Rampage  .   (no gloves)
Will    +....                   (no boots)
Stlth   ++........              o - amulet of the acrobat
HPRegen 0.21/turn               i - ring of poison resistance
MPRegen 0.11/turn               (no ring)

@: short of breath, gold aura, acrobatic
A: breathe power, AC +6, unfitting armour, cold-blooded
a: Breathe Dispelling Energy, Renounce Religion, Potion Petition, Call Merchant,
Bribe Branch


You were on level 7 of the Dungeon.
You worshipped Gozag.
Gozag was aware of your devotion.
You visited 2 branches of the dungeon, and saw 8 of its levels.

You collected 534 gold pieces.
You spent 117 gold pieces at shops.

Inventory:

Hand Weapons
 c - a +0 dagger
 f - a +0 whip
 m - a +6 vorpal spear
 p - the +7 mace of Dissatisfaction {vorpal, Will+ Str-4 Int+3}
   (You found it on level 4 of the Dungeon)

   It inflicts extra damage upon your enemies.
   Str:       It affects your strength (-4).
   Int:       It affects your intelligence (+3).
   Will:      It increases your willpower.
Missiles
 h - 11 boomerangs (quivered)
Armour
 r - a +0 cloak (worn)
Jewellery
 i - a ring of poison resistance (left hand)
 l - a ring of positive energy
 o - an amulet of the acrobat (around neck)
 v - a +4 ring of protection
Wands
 e - a wand of charming (10)
 q - a wand of iceblast (8)
 t - a wand of flame (16)
Scrolls
 a - a scroll of teleportation
 d - 2 scrolls of identify
 k - 2 scrolls of enchant armour
Potions
 b - a potion of lignification
 g - a potion of haste
 j - a potion of flight
 n - 3 potions of heal wounds
 s - a potion of mutation {unknown}
 u - a potion of might
 w - a potion of invisibility {unknown}


   Skills:
 + Level 5.4 Fighting
 + Level 4.2 Dodging
 - Level 1.7 Stealth
 + Level 9.6 Unarmed Combat
 + Level 0.5 Evocations


You had 7 spell levels left.
You didn't know any spells.
Your spell library contained the following spells:

 Spells                   Type           Power      Damage    Failure   Level
 Magic Dart               Conj           0%         1d3       30%         1
 Searing Ray              Conj           0%         2d4       43%         2
 Gell's Gravitas          Tloc           0%         N/A       67%         3
 Lesser Beckoning         Tloc           0%         N/A       67%         3
 Teleport Other           Tloc           0%         N/A       67%         3
 Fulminant Prism          Conj/Hex       0%         3d6       97%         4


Dungeon Overview and Level Annotations

Branches:
Dungeon (7/15)             Temple (1/1) D:5

Altars:
Ashenzari
Cheibriados
Dithmenos
Elyvilon
Fedhas
Gozag
Hepliaklqana
Kikubaaqudgha
Nemelex Xobeh
Okawaru
Qazlal
Ru
Trog
Vehumet
Wu Jian
Yredelemnul
Zin

Shops:
D:5 [*(:   D:6 (

Annotations:
D:4 1 runed translucent door, safid's ghost, amateur HOFi


Innate Abilities, Weirdness & Mutations

You can breathe bolts of dispelling energy.
Your rich purple scales are hard. (AC +6)
You cannot fit into any form of body armour.
You are cold-blooded and may be slowed by cold attacks.


Message History

You tail-slap the orc warrior, but do no damage.
The orc warrior is moderately wounded.
The orc warrior hits you with a +0 scimitar!
* * * LOW HITPOINT WARNING * * *
You hit the orc warrior but do no damage.
The orc warrior is moderately wounded.
The orc priest calls upon Beogh to heal the orc.
The orc's wounds heal themselves!
The orc warrior hits you with a +0 scimitar!
* * * LOW HITPOINT WARNING * * *
Aiming: Breathe Dispelling Energy (4% risk of failure)
Press: ? - help, Shift-Dir - straight line, f - orc warrior
Aim: an orc warrior, wielding a +0 scimitar and wearing a +0 plate armour (moderately wounded, 53% to hit)
You breathe a bolt of dispelling energy.
The bolt of dispelling energy hits the orc warrior.
The orc warrior is moderately wounded.
The bolt of dispelling energy hits the orc!
You kill the orc!
The bolt of dispelling energy hits the orc.
The orc is almost dead.
The orc priest looks braver for a moment.
The orc warrior hits you with a +0 scimitar.
* * * LOW HITPOINT WARNING * * *
Unknown command.
You hit the orc warrior.
The orc warrior is heavily wounded.
The orc priest is distracted by your dazzling golden aura.
The orc warrior misses you.
The orc priest shouts!
You hit the orc warrior.
The orc warrior is severely wounded.
The orc priest is no longer distracted by gold.
The orc warrior barely misses you.
Unknown command.
You punch the orc warrior!
The orc warrior is almost dead.
Unknown command.
The orc warrior hits you with a +0 scimitar!
You die...
Your body crumbles into a pile of gold.

### ≈≈# #≈# ######≈#
#...#≈≈##
#)..oo..########
#...#≈≈o.......###
######≈.o.>.......
#≈##@.###.### ≈≈≈##..#
##.###..# #. #..#
.............#..#
#............#..#
#.........$..#..#
#............#..#######
#.$..........#.........


You could see an orc warrior, an orc priest and 2 orcs.

Vanquished Creatures
  Edmund (D:4)
  Menkaure (D:4)
  A black bear (D:5)
  2 ice beasts
  An orc warrior (D:6)
  A necrophage (D:4)
  An ogre (D:6)
  2 scorpions
  A jelly (D:6)
  3 hounds
  5 orc priests
  2 orc wizards
  2 iguanas
  A hound skeleton (D:4)
  2 howler monkey zombies
  8 adders
  3 ufetubi
  2 worms
  2 dart slugs (D:2)
  16 orcs
  8 ball pythons
  6 endoplasms
  2 giant cockroaches (D:1)
  3 goblins
  6 hobgoblins
  6 jackals
  2 quokkas
  2 bats
  6 frilled lizards
  10 kobolds
  5 rats
113 creatures vanquished.

Vanquished Creatures (others)
  A plant (D:2)
1 creature vanquished.

Grand Total: 114 creatures vanquished

Notes
Turn   | Place    | Note
-------+----------+-------------------------------------------
     0 | D:1      | pkoi the Draconian Monk began the quest for the Orb.
     0 | D:1      | Reached XP level 1. HP: 19/19 MP: 1/1
   287 | D:1      | Reached XP level 2. HP: 22/26 MP: 2/2
   939 | D:2      | Reached XP level 3. HP: 32/33 MP: 3/3
  1466 | D:2      | Found a faded altar of an unknown god.
  1691 | D:2      | Reached skill level 4 in Unarmed Combat
  1787 | D:3      | Found a glowing silver altar of Zin.
  1934 | D:3      | Reached XP level 4. HP: 39/40 MP: 4/4
  2454 | D:4      | Noticed a necrophage
  2472 | D:4      | Killed a necrophage
  2473 | D:4      | Reached skill level 5 in Unarmed Combat
  2473 | D:4      | Reached XP level 5. HP: 33/46 MP: 5/5
  2668 | D:4      | Found a runed translucent door.
  2668 | D:4      | Noticed safid's ghost (amateur HOFi)
  2747 | D:4      | Noticed Edmund
  2838 | D:4      | Reached skill level 6 in Unarmed Combat
  2921 | D:4      | Reached XP level 6. HP: 42/52 MP: 6/6
  3061 | D:4      | Identified the +7 mace of Dissatisfaction {vorpal, Will+
                  | Str-4 Int+3}
  3079 | D:4      | Noticed Menkaure
  3083 | D:4      | Killed Menkaure
  3084 | D:4      | Reached skill level 7 in Unarmed Combat
  3814 | D:4      | Killed Edmund
  3815 | D:4      | Your scales start taking on a rich purple colour.
  3815 | D:4      | Reached XP level 7. HP: 9/59 MP: 7/7
  4154 | D:5      | Entered Level 5 of the Dungeon
  4358 | D:5      | Reached skill level 8 in Unarmed Combat
  4382 | D:5      | Found a shadowy altar of Dithmenos.
  4415 | D:5      | Found Caet Dotep's Antique Armour Shop.
  4451 | D:5      | Found Buirchakk's Assorted Antiques.
  4460 | D:5      | Bought a cloak for 117 gold pieces
  4527 | D:5      | Found Louqiheo's Antique Weapon Shop.
  4558 | D:5      | Found a staircase to the Ecumenical Temple.
  4584 | Temple   | Entered the Ecumenical Temple
  4716 | Temple   | Became a worshipper of Gozag Ym Sagoz the Greedy
  5029 | D:5      | Reached skill level 9 in Unarmed Combat
  5064 | D:5      | Found Cutag's Book Shoppe.
  5263 | D:5      | Reached XP level 8. HP: 67/67 MP: 8/8
  5823 | D:6      | Noticed a boulder beetle
  5895 | D:6      | Reached skill level 5 in Fighting
  6557 | D:6      | Found a stormy altar of Qazlal.
  6594 | D:6      | Found Xuzeap's Weapon Emporium.
  6954 | D:7      | Identified the +3 war axe of Kismet {vorpal, Str+3}
  7024 | D:7      | Slain by an orc warrior

Illustrated notes

Levels and vault maps discovered:
D:1:      ebering_trefoil_3fold, layout_rooms
D:2:      layout_basic, shapermc_ecumenical_altar_acropolis
D:3:      layout_basic, old_standard_altar, minmay_misc_feat_alley,
          minmay_checkerbox
D:4:      layout_loops_ring, ebering_ghost_inner_flame, uniq_edmund,
          uniq_menkaure
D:5:      layout_rooms, grunt_dithmenos_smoke_and_mirrors,
          minmay_temple_entry_stoned_glass, serial_shops, shop,
          nicolae_shop_advertising_works [nicolae_subvault_shop_adworks],
          nicolae_shop_hallway_plus, nicolae_shop_crystal, st_stairs_7
D:6:      layout_cave_pools, nicolae_qazlal_general_emergency, serial_shops,
          nicolae_take_the_stairs, hangedman_decor_growths
D:7:      layout_basic, serial_shops, shop, lightli_minifort
Temple:   jpeg_temple_clearing

Skill      XL: |  1  2  3  4  5  6  7  8 |
---------------+-------------------------+-----
Dodging        | 3 4 |  4.2
Fighting       | 4 5 |  5.4
Unarmed Combat | 4 5 6 7 9 |  9.6
Stealth        | |  1.7
Evocations     | |  0.5

Action                   |  1- 3 |  4- 6 |  7- 9 || total
-------------------------+-------+-------+-------++-------
Melee: Unarmed           |   149 |    74 |   186 ||   409
       Tailslap          |    18 |    13 |    21 ||    52
       Punch             |     5 |     3 |     7 ||    15
       Mace              |       |    21 |       ||    21
 Abil: Breathe Dispellin |       |       |     3 ||     3
  Use: Potion            |     6 |       |       ||     6
       Scroll            |     2 |       |     6 ||     8
 Stab: Sleeping          |     3 |     4 |     2 ||     9
Armor: Skin              |    43 |    20 |    41 ||   104
Dodge: Dodged            |    81 |    46 |   112 ||   239
